[ AOE2 MATCH · #505278690 ]
UnrankedGoths vs Bengalis
Player's team · WIN
Rival team · LOSS
[ REPLAY ANALYSIS · EXTRACTED FROM THE RECORDED GAME ]
Feudal
8:54
Castle
21:30
Imperial
36:41
| APM avg | 77.0 |
| APM peak | 117 |
| eAPM avg | 30.6 |
| Villagers / military | 153 / 244 |
Focus
⚔️ 43.9% · 🌾 56.1%
Militia ×125 · Skirmisher ×43 · Huskarl ×35 · Battering Ram ×20 · Scout Cavalry ×14 · Monk ×3
Feudal
9:02
Castle
21:20
Imperial
36:20
| APM avg | 120.8 |
| APM peak | 184 |
| eAPM avg | 56.6 |
| Villagers / military | 151 / 194 |
Focus
⚔️ 72.5% · 🌾 27.5%
Militia ×87 · Skirmisher ×77 · Monk ×10 · Mangonel ×6 · Ratha (Ranged) ×5 · Trebuchet (Packed) ×4
Match map
Initial resources + every placement click. Lines = walls · curves = elevation contours. ◆ gold · ⬟ stone · ● berries · ✦ relic · ◌ wall gap
Your base· ✓ Closed at 21:30 · 23t walls · no gate
NOC | Mati's base· ✓ Closed at 21:20 · 46t walls · no gate
Smoothed initial terrain · ◌ = detected wall gap · hover for details
Inputs per minute
— OS+ | Sziky - - NOC | Mati
Build order — OS+ | Sziky
First 150 of 581 actions detected
| 0:00 | Create | Villager (Male) |
| 0:02 | Build | House |
| 0:02 | Build | House |
| 0:08 | Create | Villager (Male) |
| 0:09 | Create | Villager (Male) |
| 0:34 | Create | Villager (Male) |
| 1:31 | Create | Villager (Male) |
| 2:00 | Create | Villager (Male) |
| 2:01 | Build | Lumber Camp |
| 2:14 | Create | Villager (Male) |
| 2:50 | Create | Villager (Male) |
| 3:07 | Research | Loom |
| 3:15 | Create | Villager (Male) |
| 3:38 | Create | Villager (Male) |
| 3:41 | Build | House |
| 3:45 | Build | House |
| 3:54 | Create | Villager (Male) |
| 4:23 | Build | House |
| 4:28 | Create | Villager (Male) |
| 4:41 | Create | Villager (Male) |
| 4:42 | Create | Villager (Male) |
| 4:44 | Build | Palisade Wall |
| 5:28 | Create | Villager (Male) |
| 5:30 | Build | Barracks |
| 5:35 | Create | Villager (Male) |
| 5:36 | Create | Villager (Male) |
| 6:16 | Build | Palisade Wall |
| 6:43 | Build | House |
| 6:44 | Research | Feudal Age |
| 6:52 | Create | Militia |
| 6:52 | Create | Militia |
| 7:11 | Create | Militia |
| 7:34 | Create | Militia |
| 7:47 | Build | Mill |
| 8:06 | Create | Villager (Male) |
| 8:54 | Age | Feudal Age |
| 8:56 | Research | Man-at-Arms (upgrade) |
| 8:57 | Research | Man-at-Arms (upgrade) |
| 8:57 | Research | Double-Bit Axe |
| 8:58 | Research | Double-Bit Axe |
| 9:01 | Create | Villager (Male) |
| 9:24 | Create | Villager (Male) |
| 9:43 | Create | Villager (Male) |
| 9:45 | Build | Archery Range |
| 9:47 | Build | House |
| 10:11 | Create | Villager (Male) |
| 10:16 | Build | Farm |
| 10:24 | Build | Farm |
| 10:32 | Build | House |
| 10:49 | Create | Skirmisher |
| 10:52 | Build | Farm |
| 10:57 | Create | Villager (Male) |
| 11:10 | Build | House |
| 11:12 | Create | Skirmisher |
| 11:32 | Create | Skirmisher |
| 11:41 | Create | Villager (Male) |
| 11:41 | Create | Villager (Male) |
| 11:41 | Create | Villager (Male) |
| 11:43 | Create | Militia |
| 11:53 | Create | Skirmisher |
| 11:55 | Create | Militia |
| 11:57 | Build | Blacksmith |
| 12:16 | Build | Mining Camp |
| 12:19 | Create | Villager (Male) |
| 12:25 | Create | Villager (Male) |
| 12:28 | Build | House |
| 12:30 | Create | Skirmisher |
| 12:42 | Build | Farm |
| 12:48 | Build | Farm |
| 12:57 | Create | Skirmisher |
| 13:13 | Build | House |
| 13:15 | Build | House |
| 13:18 | Create | Skirmisher |
| 13:20 | Create | Villager (Male) |
| 13:21 | Build | Farm |
| 13:32 | Research | Fletching |
| 13:37 | Build | Farm |
| 13:39 | Build | Farm |
| 13:44 | Build | Palisade Wall |
| 13:46 | Create | Villager (Male) |
| 14:05 | Create | Villager (Male) |
| 14:05 | Create | Skirmisher |
| 14:08 | Build | Farm |
| 14:22 | Create | Skirmisher |
| 14:27 | Create | Skirmisher |
| 14:35 | Create | Skirmisher |
| 14:46 | Create | Villager (Male) |
| 14:49 | Build | Farm |
| 14:59 | Create | Villager (Male) |
| 15:02 | Create | Skirmisher |
| 15:03 | Create | Villager (Male) |
| 15:21 | Create | Skirmisher |
| 15:28 | Create | Villager (Male) |
| 15:31 | Build | Lumber Camp |
| 15:37 | Build | Farm |
| 15:48 | Build | Farm |
| 15:55 | Build | Farm |
| 15:56 | Build | Farm |
| 16:16 | Build | House |
| 16:24 | Research | Wheelbarrow |
| 17:15 | Build | House |
| 17:38 | Build | Palisade Wall |
| 17:42 | Create | Villager (Male) |
| 18:02 | Build | Farm |
| 18:04 | Build | Farm |
| 18:07 | Build | Farm |
| 18:12 | Create | Villager (Male) |
| 18:30 | Build | Farm |
| 18:50 | Research | Castle Age |
| 18:54 | Build | Archery Range |
| 19:02 | Create | Skirmisher |
| 19:34 | Research | Horse Collar |
| 19:34 | Research | Horse Collar |
| 19:36 | Build | Farm |
| 19:40 | Build | Farm |
| 19:47 | Create | Villager (Male) |
| 19:51 | Create | Skirmisher |
| 19:51 | Create | Skirmisher |
| 19:54 | Build | Farm |
| 19:55 | Build | Farm |
| 20:01 | Create | Skirmisher |
| 20:01 | Create | Skirmisher |
| 20:32 | Research | Gold Mining |
| 20:37 | Create | Skirmisher |
| 20:38 | Create | Skirmisher |
| 21:30 | Age | Castle Age |
| 21:33 | Research | Elite Skirmisher (upgrade) |
| 21:33 | Research | Bodkin Arrow |
| 21:35 | Create | Villager (Male) |
| 21:42 | Build | Monastery |
| 21:43 | Create | Skirmisher |
| 21:43 | Create | Skirmisher |
| 21:45 | Create | Villager (Male) |
| 21:56 | Create | Spearman |
| 21:59 | Create | Villager (Male) |
| 22:02 | Research | Hand Cart |
| 22:02 | Research | Hand Cart |
| 22:08 | Create | Villager (Male) |
| 22:11 | Create | Skirmisher |
| 22:11 | Create | Skirmisher |
| 22:17 | Research | Padded Archer Armor |
| 22:34 | Create | Skirmisher |
| 22:38 | Build | Town Center |
| 22:40 | Create | Monk |
| 22:53 | Build | House |
| 22:53 | Build | House |
| 23:01 | Create | Skirmisher |
| 23:04 | Create | Skirmisher |
| 23:04 | Create | Skirmisher |
| 23:08 | Create | Villager (Male) |
Build order — NOC | Mati
First 150 of 573 actions detected
| 0:01 | Create | Villager (Male) ×4 |
| 0:02 | Build | House |
| 0:03 | Build | House |
| 1:25 | Create | Villager (Male) |
| 1:25 | Create | Villager (Male) |
| 1:45 | Build | Lumber Camp |
| 2:01 | Create | Villager (Male) |
| 2:01 | Create | Villager (Male) |
| 2:17 | Create | Villager (Male) |
| 2:49 | Create | Villager (Male) |
| 3:12 | Create | Villager (Male) |
| 3:12 | Create | Villager (Male) |
| 3:37 | Create | Villager (Male) |
| 3:52 | Build | House |
| 4:00 | Create | Villager (Male) |
| 4:14 | Build | Mill |
| 4:19 | Create | Villager (Male) |
| 4:33 | Create | Villager (Male) |
| 4:48 | Create | Villager (Male) |
| 4:49 | Create | Villager (Male) |
| 5:12 | Create | Villager (Male) |
| 5:15 | Research | Loom |
| 5:57 | Build | House |
| 6:00 | Build | Palisade Wall |
| 6:52 | Research | Feudal Age |
| 6:52 | Research | Feudal Age |
| 7:14 | Build | Barracks |
| 7:17 | Build | Palisade Wall |
| 7:26 | Create | Villager (Male) |
| 7:28 | Build | Palisade Wall |
| 8:03 | Build | House |
| 8:28 | Build | House |
| 8:53 | Build | Palisade Wall |
| 8:55 | Build | Palisade Wall |
| 9:02 | Age | Feudal Age |
| 9:05 | Build | Archery Range |
| 9:06 | Create | Spearman |
| 9:25 | Build | Palisade Wall |
| 9:37 | Build | House |
| 9:45 | Build | House |
| 9:54 | Create | Villager (Male) |
| 9:54 | Create | Villager (Male) |
| 9:58 | Build | Mining Camp |
| 10:03 | Build | Palisade Wall |
| 10:04 | Build | Palisade Wall |
| 10:08 | Build | Palisade Wall |
| 10:13 | Create | Archer |
| 10:14 | Create | Villager (Male) |
| 10:19 | Create | Villager (Male) |
| 10:25 | Build | House |
| 10:33 | Build | Palisade Wall |
| 10:36 | Create | Villager (Male) |
| 10:39 | Create | Skirmisher |
| 10:40 | Build | Palisade Wall |
| 10:41 | Build | Palisade Wall |
| 10:47 | Create | Skirmisher |
| 10:58 | Build | Palisade Wall |
| 11:03 | Create | Skirmisher |
| 11:08 | Create | Villager (Male) |
| 11:15 | Create | Skirmisher |
| 11:34 | Create | Skirmisher |
| 11:34 | Create | Archer |
| 11:36 | Create | Villager (Male) |
| 11:36 | Create | Villager (Male) |
| 11:47 | Create | Skirmisher |
| 11:55 | Build | Palisade Wall |
| 11:56 | Build | Palisade Wall |
| 12:08 | Build | Farm |
| 12:16 | Build | Farm |
| 12:27 | Build | Farm |
| 13:07 | Build | Blacksmith |
| 13:09 | Create | Skirmisher |
| 13:11 | Create | Villager (Male) |
| 13:17 | Build | Palisade Wall |
| 13:24 | Build | Palisade Wall |
| 13:27 | Create | Villager (Male) |
| 13:29 | Research | Double-Bit Axe |
| 13:32 | Build | Farm |
| 13:41 | Create | Skirmisher |
| 13:43 | Create | Villager (Male) |
| 13:43 | Create | Villager (Male) |
| 13:54 | Build | Farm |
| 13:55 | Research | Fletching |
| 14:05 | Create | Skirmisher |
| 14:10 | Build | House |
| 14:23 | Create | Skirmisher |
| 14:26 | Create | Skirmisher |
| 14:32 | Create | Villager (Male) |
| 14:33 | Build | Farm |
| 14:44 | Create | Skirmisher |
| 14:50 | Build | Farm |
| 14:52 | Create | Villager (Male) |
| 14:54 | Build | Lumber Camp |
| 15:00 | Build | Farm |
| 15:10 | Build | Farm |
| 15:28 | Create | Skirmisher |
| 15:29 | Create | Skirmisher |
| 15:30 | Create | Villager (Male) |
| 15:34 | Build | Farm |
| 15:47 | Build | Farm |
| 15:50 | Create | Villager (Male) |
| 15:54 | Build | Farm |
| 16:02 | Build | Farm |
| 16:03 | Create | Villager (Male) |
| 16:10 | Build | Farm |
| 16:14 | Build | Farm |
| 16:27 | Build | Farm |
| 16:27 | Create | Villager (Male) |
| 16:40 | Build | Farm |
| 16:45 | Create | Skirmisher |
| 16:53 | Create | Skirmisher |
| 17:07 | Create | Villager (Male) |
| 17:30 | Build | Archery Range |
| 17:34 | Create | Skirmisher |
| 17:43 | Build | Market |
| 17:51 | Create | Villager (Male) |
| 18:41 | Research | Castle Age |
| 18:41 | Research | Castle Age |
| 18:51 | Build | Farm |
| 18:55 | Build | Farm |
| 19:02 | Create | Skirmisher |
| 19:08 | Build | House |
| 19:08 | Build | House |
| 19:12 | Create | Skirmisher |
| 19:16 | Build | House |
| 19:20 | Create | Skirmisher |
| 19:21 | Create | Villager (Male) |
| 19:28 | Create | Skirmisher |
| 19:28 | Create | Skirmisher |
| 19:34 | Create | Skirmisher |
| 19:39 | Create | Skirmisher |
| 19:54 | Create | Skirmisher |
| 19:57 | Create | Skirmisher |
| 20:10 | Create | Skirmisher |
| 20:11 | Create | Villager (Male) |
| 20:26 | Create | Skirmisher |
| 20:30 | Create | Villager (Male) |
| 21:20 | Age | Castle Age |
| 21:28 | Create | Villager (Male) |
| 21:29 | Create | Skirmisher |
| 21:31 | Research | Bow Saw |
| 21:31 | Create | Villager (Male) |
| 21:34 | Build | University |
| 21:36 | Build | Lumber Camp |
| 21:40 | Research | Elite Skirmisher (upgrade) |
| 21:49 | Build | Mining Camp |
| 21:55 | Research | Bodkin Arrow |
| 21:55 | Research | Bodkin Arrow |
| 21:59 | Create | Skirmisher |
| 22:00 | Create | Skirmisher |
Match timeline
| 4:44 | OS+ | Sziky · wall_segment Palisade Wall x1 |
| 5:30 | OS+ | Sziky · first_building Barracks |
| 6:00 | NOC | Mati · wall_segment Palisade Wall x4 |
| 6:16 | OS+ | Sziky · wall_segment Palisade Wall x1 |
| 7:14 | NOC | Mati · first_building Barracks |
| 7:17 | NOC | Mati · wall_segment Palisade Wall x3 |
| 7:28 | NOC | Mati · wall_segment Palisade Wall x6 |
| 8:53 | NOC | Mati · wall_segment Palisade Wall x8 |
| 8:54 | OS+ | Sziky · age_up feudal |
| 8:55 | NOC | Mati · wall_segment Palisade Wall x1 |
| 9:02 | NOC | Mati · age_up feudal |
| 9:05 | NOC | Mati · first_building Archery Range |
| 9:25 | NOC | Mati · wall_segment Palisade Wall x1 |
| 9:45 | OS+ | Sziky · first_building Archery Range |
| 10:03 | NOC | Mati · wall_segment Palisade Wall x1 |
| 10:04 | NOC | Mati · wall_segment Palisade Wall x1 |
| 10:08 | NOC | Mati · wall_segment Palisade Wall x1 |
| 10:33 | NOC | Mati · wall_segment Palisade Wall x6 |
| 10:40 | NOC | Mati · wall_segment Palisade Wall x1 |
| 10:41 | NOC | Mati · wall_segment Palisade Wall x1 |
| 10:58 | NOC | Mati · wall_segment Palisade Wall x1 |
| 11:55 | NOC | Mati · wall_segment Palisade Wall x5 |
| 11:56 | NOC | Mati · wall_segment Palisade Wall x5 |
| 13:17 | NOC | Mati · wall_segment Palisade Wall x2 |
| 13:24 | NOC | Mati · wall_segment Palisade Wall x1 |
| 13:44 | OS+ | Sziky · wall_segment Palisade Wall x8 |
| 17:38 | OS+ | Sziky · wall_segment Palisade Wall x13 |
| 18:22 | NOC | Mati · first_market_sell 500 stone |
| 18:22 | NOC | Mati · first_market_buy 100 food |
| 21:20 | NOC | Mati · age_up castle |
| 21:30 | OS+ | Sziky · age_up castle |
| 21:42 | OS+ | Sziky · first_building Monastery |
| 22:11 | NOC | Mati · first_building Monastery |
| 24:58 | OS+ | Sziky · first_building Siege Workshop |
| 26:25 | NOC | Mati · first_building Siege Workshop |
| 27:35 | OS+ | Sziky · first_building Stable |
| 32:40 | OS+ | Sziky · first_building Castle |
| 33:51 | NOC | Mati · first_building Castle |
| 34:32 | NOC | Mati · wall_segment Stone Wall x1 |
| 34:32 | NOC | Mati · wall_segment Stone Wall x1 |
| 34:48 | NOC | Mati · wall_segment Stone Wall x2 |
| 36:04 | NOC | Mati · wall_segment Stone Wall x1 |
| 36:20 | NOC | Mati · age_up imperial |
| 36:41 | OS+ | Sziky · age_up imperial |
| 40:02 | OS+ | Sziky · first_market_buy 100 food |
| 46:24 | NOC | Mati · resign |
[ AI ANALYSIS · 1 CREDIT ]
What really happened in this match?
Wolo.gg analyzes every decision: build order, eco, micro, common mistakes by bracket. Personalized analysis on WhatsApp or Discord in 30 seconds.
Civ guide
Goths
Perfil
Jugador #14725904